 Dungeon Crawl Stone Soup version 0.22-a0-91-g23542c2 (webtiles) character file.

18 4thArraOfDagon the Firebug (level 2, 0/15 HPs)
             Began as a Deep Elf Fire Elementalist on Jan 22, 2018.
             Slain by a jackal (2 damage)
             ... on level 3 of the Dungeon.
             The game lasted 00:01:09 (122 turns).

4thArraOfDagon the Firebug (DEFE)                    Turns: 122, Time: 00:01:10

Health: 0/15       AC:  2    Str:  5    XL:     2   Next: 51%
Magic:  1/8        EV: 13    Int: 19    God:
Gold:   18         SH:  0    Dex: 15    Spells: 6/7 levels left

rFire    . . .     SeeInvis .   d - +0 dagger (elec)
rCold    . . .     Gourm    .   (no shield)
rNeg     . . .     Faith    .   a - +0 robe
rPois    .         Spirit   .   (no helmet)
rElec    .         Reflect  .   (no cloak)
rCorr    .         Harm     .   (no gloves)
MR       .....     Rnd*Tele +   (no boots)
Stlth    ++........             (no amulet)
HPRegen  0.05/turn              e - ring of teleportation (curse)
MPRegen  0.11/turn              (no ring)

@: lethally poisoned (0 -> -3)
A: no striking features
a: no special abilities


You were on level 3 of the Dungeon.
You were not hungry.

You visited 1 branch of the dungeon, and saw 3 of its levels.

You collected 18 gold pieces.

Inventory:

Hand Weapons
 d - a +0 dagger of electrocution (weapon)
Armour
 a - a +0 robe (worn)
Jewellery
 e - a cursed ring of teleportation (left hand)
Books
 b - a book of Flames

   Spells                             Type                      Level
   a - Flame Tongue                   Conjuration/Fire             1
   b - Throw Flame                    Conjuration/Fire             2
   c - Conjure Flame                  Conjuration/Fire             3
   d - Inner Flame                    Hexes/Fire                   3
   e - Sticky Flame                   Conjuration/Fire             4
   f - Fireball                       Conjuration/Fire             5
Comestibles
 c - a ration


   Skills:
 - Level 2.4 Dodging
 - Level 2.4 Stealth
 + Level 3.3 Spellcasting
 * Level 2.0 Conjurations
 * Level 3.7 Fire Magic


You had 6 spell levels left.
You knew the following spells:

 Your Spells              Type           Power        Failure   Level  Hunger
a - Flame Tongue          Conj/Fire      ##...        4%          1    None


Dungeon Overview and Level Annotations

Branches:
Dungeon (3/15)

Altars:
Trog

Annotations:
D:3 Terence


Message History

You feel sick.
Terence shouts!
Terence moves out of view.
Found a sapphire ring.
Unknown command.
Unknown command.
The jackal misses you.
Unknown command.
The jackal closely misses you.
Unknown command.
* * * LOW HITPOINT WARNING * * *
You feel sick. The jackal closely misses you.
Unknown command.
The jackal barely misses you. The jackal bites you.
* * * LOW HITPOINT WARNING * * *
Unknown command.
Unknown command.
* * * LOW HITPOINT WARNING * * *
You feel sick. The jackal bites you.
You die...

#.######.##.#
.........##.#
#.##....(().####
#.#.....####h..#
......).#........
..##.....#.....##.
........#.....#
###########..#.#......
#......@hhhl@...####.#.
#.##...###....[.# .#.
#... #...##.# .# # #...
#...# ... #...
#.......@. #...
#.#.#.._..# #...
#...##....# ###. ....#
..#.# ####.# .#


You could see Terence, 3 jackals and a frilled lizard.

Vanquished Creatures
  An ooze (D:1)
  A goblin (D:1)
  5 jackals
  A bat (D:3)
  3 kobolds
  2 rats (D:1)
13 creatures vanquished.

Notes
Turn   | Place    | Note
-------+----------+-------------------------------------------
     0 | D:1      | 4thArraOfDagon the Deep Elf Fire Elementalist began the quest for the Orb.
     0 | D:1      | Reached XP level 1. HP: 10/10 MP: 6/6
    53 | D:1      | Reached XP level 2. HP: 14/15 MP: 0/8
   106 | D:3      | magipi: hello
   114 | D:3      | Found a bloodstained altar of Trog.
   115 | D:3      | Noticed Terence
   122 | D:3      | Slain by a jackal

Vault maps used:
D:1:      dpeg_arrival_subterranean_lakeside_camping
D:2:      ashenzari_altar_1, lemuel_coloured_pillars_altar,
          gammafunk_temple_overflow_elements, chequers_ecumenical_altar_grove
D:3:      bloody_trog, kennysheep_generic_room_2, uniq_terence,
          uniq_crazy_yiuf_cottage, uniq_grinder, uniq_robin

Skill      XL: |  1  2 |
---------------+-------+-----
Conjurations   | 2 |  2.0
Dodging        | |  2.4
Stealth        | |  2.4
Spellcasting   | |  3.3
Fire Magic     | |  3.7

Action                   || total
-------------------------++-------
Melee: Dagger            ||     8
 Cast: Flame Tongue      ||    16
Armor: Robe              ||     3
Dodge: Dodged            ||    24

Table legend:
 A = Spawn XP
 B = Non-spawn XP
 C = Spawn XP percentage of total XP
 D = Spawn monster count
 E = Non-spawn monster count
 F = Spawn count percentage of total count
 G = Total turns spent on level
                    A         B        C        D         E        F      G
               +---------+---------+-------+---------+---------+-------+---------
         Total |       0 |      27 |   0.0 |       0 |      13 |   0.0 |   122
               +---------+---------+-------+---------+---------+-------+---------
           D:1 |       0 |      20 |   0.0 |       0 |       9 |   0.0 |    78
           D:3 |       0 |       7 |   0.0 |       0 |       4 |   0.0 |    30
               +---------+---------+-------+---------+---------+-------+---------
